Unix NetHack Version 5.0.0-0 post-release - last build May 31 2026 23:59:36 (970b52f25bf058293b47ddfd14a1e40e571c508c,branch:main).

Game began 2026-06-06 01:59:44, ended 2026-06-06 02:03:20.

Kwijibo4686, neutral female human Valkyrie

      --------
      |!!!!!!.@@
      |!!!!]!  #
      |!!!!    #
      -----    #
               #
               #
               #
               #
               #
               ####
                  #---.------
                  #-*........
                   |..<.....|
                   ----------

Kwijibo4686 the Skirmisher  St:18 Dx:15 Co:14 In:10 Wi:8 Ch:10  Neutral
Dlvl:3  $:0  HP:0(32) Pw:7(7) AC:6  Xp:3 T:651  Satiated

Latest messages:
 The jackal misses!
 You kill the jackal!
 l - a scroll labeled MAPIRO MAHAMA DIROMAT.
 You see here a jackal corpse.
 The kitten drops an orcish helm.
 There is a jackal corpse here; eat it? [ynq] (n) y
 Blecch!  Rotten food!
 You finish eating the jackal corpse.
 You see here a shrieker corpse.
 There is a shrieker corpse here; eat it? [ynq] (n) y
 Ulch - that fungoid vegetation was tainted!
 You feel deathly sick.
 (It must have died too long ago to be safe to eat.)
 Are you sure you want to pray? [yn] (n) y
 You begin praying to Odin.
 You are surrounded by a shimmering light.
 You finish your prayer.
 You feel that Odin is pleased.
 You feel better.
 You see here an orcish dagger.
 You see here 11 darts.
 You see here a locked chest.
 Your kitten steps reluctantly onto 11 darts.
 You descend the stairs.
 You see here a blue gem.
 The door opens.
 $ - 16 gold pieces (56 in total).
 You see here a blue gem.
 Something is written here in the dust.
 You read: "Closed for inventory".
 This door is locked.
 This door is locked.
 This door is locked.
 This door is locked.
 In what direction? 4
 As you kick the door, it crashes open!
 Weliki Oestjoeg appears next to you!
 "How dare you break my door?"
 Weliki Oestjoeg zaps an oak wand!
 The wand misses you.
 Weliki Oestjoeg zaps an oak wand!
 The wand hits you!
 You hit Weliki Oestjoeg!
 Weliki Oestjoeg zaps a wand of striking!
 The wand hits you!
 Weliki Oestjoeg zaps a wand of striking!
 The wand hits you!
 You die...
 Weliki Oestjoeg takes all your possessions.
 Do you want to see what you had when you died? [ynq] (y) q

Inventory:
 Weapons  (')')
  b - a +0 dagger (alternate weapon; not wielded)
  a - a blessed +1 spear (weapon in right hand)
 Armor    ('[')
  c - a blessed +3 small shield (being worn)
 Comestibles  ('%')
  d - 2 uncursed food rations
  j - a cursed food ration
 Scrolls  ('?')
  l - a blessed scroll of enchant weapon
  h - a cursed scroll of identify
 Potions  ('!')
  g - an uncursed potion of oil
  f - an uncursed potion of restore ability
 Tools    ('(')
  k - a cursed wax candle

Kwijibo4686 the Valkyrie's attributes:

Background:
 You were a Skirmisher, a level 3 human Valkyrie.
 You were neutral, on a mission for Odin
 who was opposed by Tyr (lawful) and Loki (chaotic).
 You were right-handed.
 You were in the Dungeons of Doom, on level 3.
 You entered the dungeon 651 turns ago.
 It was nighttime.
 You had 42 experience points, 38 more were needed to attain level 4.

Basics:
 You had 0 out of 32 hit points.
 You had all 7 energy points (spell power).
 Your armor class was 6.
 Your wallet was empty.
 Autopickup was on for '$?!/="' plus thrown.

Final Characteristics:
 Your strength was 18 (limit:18/100).
 Your dexterity was 15 (limit:18).
 Your constitution was 14 (limit:18).
 Your intelligence was 10 (limit:18).
 Your wisdom was 8 (limit:18).
 Your charisma was 10 (limit:18).

Final Status:
 You were satiated.
 You were unencumbered.
 You were wielding a spear.
 You had basic skill with spear.

Final Attributes:
 You were fervently aligned.
 You were cold resistant.
 You were stealthy.
 You are dead.

Miscellaneous:
 You didn't encounter any bones levels.
 Total elapsed playing time was 3 minutes and 36 seconds.

Major events:
 Turn
    1: Kwijibo4686 the neutral human Valkyrie entered the dungeon
  491: attained the rank of Skirmisher (level 3)
  651: killed by a wand

You didn't know any spells.

Skills:
 Fighting Skills
   bare handed combat [Unskilled]
   two weapon combat  [Unskilled]
   riding             [Unskilled]
 Weapon Skills
   dagger             [Basic]
   axe                [Unskilled]
   pick-axe           [Unskilled]
   short sword        [Unskilled]
   broadsword         [Unskilled]
   long sword         [Unskilled]
   two-handed sword   [Unskilled]
   saber              [Unskilled]
   hammer             [Unskilled]
   quarterstaff       [Unskilled]
   polearms           [Unskilled]
   spear              [Basic]
   trident            [Unskilled]
   lance              [Unskilled]
   sling              [Unskilled]
 Spellcasting Skills
   attack spells      [Unskilled]
   escape spells      [Unskilled]

Voluntary challenges:
 Character rerolling was not enabled.
 You were illiterate.
 You never genocided any monsters.
 You never polymorphed an object.
 You never changed form.
 You used no wishes.
Achievements:
 You entered a shop.
 You attained the rank of Skirmisher.

 The Dungeons of Doom: levels 1 to 3
    Level 1:
    Level 2:
       An armor shop, a grave.
    Level 3: <- You were here.
       Final resting place for
          you, killed by a wand.


Vanquished creatures:
  a shrieker
  a hobbit
  a gecko
  7 jackals
  a fox
  a kobold
  a goblin
  a sewer rat
  3 grid bugs
  3 lichens
  a kobold zombie
  2 newts
23 creatures vanquished.

No species were genocided or became extinct.

Game over:
                       ----------
                      /          \
                     /    REST    \
                    /      IN      \
                   /     PEACE      \
                  /                  \
                  |   Kwijibo4686    |
                  |       0 Au       |
                  | killed by a wand |
                  |                  |
                  |                  |
                  |                  |
                  |       2026       |
                 *|     *  *  *      | *
        _________)/\\_//(\/(/\)/\//\/|_)_______

Farvel Kwijibo4686 the Valkyrie...

You died in The Dungeons of Doom on dungeon level 3 with 268 points,
and 0 pieces of gold, after 651 moves.
You were level 3 with a maximum of 32 hit points when you died.

